AoeStats
← AiM | Facu1414

African Clearing

505174532Analyzed
4v4 RM · 24d ago on Sep 8, 2026· 47m 4s· 8 players
Game mode
Random Map
Map size
Large (8 player)
Population
200
Speed
Normal
Resources
Standard
Victory
Conquest
Starting age
Dark Age
Ending age
Imperial Age
RankedLock teamsTeams togetherTeam positionsShared explorationLock speedFull tech treeHidden civsTurbo modeCheats
Victory
Defeat
🇨🇱 Persians · Chile
1576
+13
🇲🇽 Vietnamese · Mexico
1532
+15
🇦🇷 Spanish · Argentina
1521
+15
🇦🇷 Cumans · Argentina
1503
+16
🇨🇳 Persians · China
1557
-16
1533
-16
🇻🇳 Koreans · Vietnam
1479
-14
🇨🇳 Mongols · China
1466
-13
小弱鸡
9:37 Loom
11:44 Feudal Age
12:16 Town Watch
12:46 Double-Bit Axe
13:40 Town Watch
26:29 Castle Age
24:52 Fletching
24:46 Horse Collar
25:59 Wheelbarrow
26:43 Scale Barding Armor
26:52 Stone Mining
26:54 Gold Mining
28:28 Bow Saw
29:10 Husbandry
29:39 Bloodlines
30:31 Heavy Plow
36:48 Chain Barding Armor
37:18 Forging
38:16 Ballistics
40:34 Iron Casting
Yucatan_water_supremacy
5:17 Loom
6:28 Loom
13:29 Feudal Age
14:43 Town Watch
20:53 Scale Barding Armor
21:26 Double-Bit Axe
33:20 Castle Age
32:43 Fletching
37:27 Chain Barding Armor
37:07 Horse Collar
给你一棒槌
14:18 Feudal Age
12:45 Loom
15:21 Double-Bit Axe
17:46 Castle Age
18:11 Scale Barding Armor
18:43 Bow Saw
26:35 Bloodlines
28:56 Horse Collar
35:48 Husbandry
36:51 Fletching
37:34 Bodkin Arrow
41:42 Masonry
VNS__Pan
12:35 Loom
14:20 Feudal Age
15:37 Double-Bit Axe
19:16 Castle Age
17:03 Horse Collar
17:41 Gold Mining
18:14 Fletching
18:53 Stone Mining
20:49 Bow Saw
25:55 Bodkin Arrow
30:11 Wheelbarrow
33:59 Imperial Age
32:10 Husbandry
33:54 Gold Shaft Mining
33:55 Stone Shaft Mining
34:19 Ballistics
34:09 Thumb Ring
35:13 Conscription
34:55 Bracer
37:24 Chemistry
37:57 Two-Man Saw
37:19 Hand Cart
38:44 Elite War Wagon
AiM | EleuieseKa
7:15 Loom
18:57 Feudal Age
27:25 Castle Age
31:15 Horse Collar
31:28 Double-Bit Axe
34:58 Wheelbarrow
35:08 Bow Saw
41:26 Imperial Age
39:37 Scale Barding Armor
39:47 Bloodlines
39:37 Husbandry
40:07 Gold Mining
41:21 Chain Barding Armor
41:06 Cavalier
42:59 Plate Barding Armor
44:14 Forging
45:40 Savar
47:31 Iron Casting
AIM | Agua cate 98
8:07 Loom
13:57 Feudal Age
17:19 Castle Age
16:00 Double-Bit Axe
16:36 Stone Mining
16:38 Gold Mining
20:13 Town Watch
23:07 Bow Saw
25:08 Wheelbarrow
24:34 Padded Archer Armor
33:31 Husbandry
33:41 Bloodlines
33:53 Horse Collar
39:35 Imperial Age
39:15 Leather Archer Armor
38:50 Fletching
39:05 Heavy Plow
39:57 Stone Shaft Mining
39:41 Elite Conquistador
41:29 Chemistry
41:48 Bodkin Arrow
43:17 Conscription
44:08 Man-at-Arms
45:31 Ring Archer Armor
46:46 Hand Cart
46:31 Town Patrol
AiM | Facu1414
8:52 Loom
11:42 Feudal Age
12:18 Double-Bit Axe
17:42 Scale Barding Armor
21:11 Bloodlines
25:46 Forging
27:00 Wheelbarrow
27:07 Horse Collar
31:09 Castle Age
31:18 Castle Age
31:15 Fletching
31:43 Gold Mining
32:20 Chain Barding Armor
32:35 Iron Casting
32:18 Hand Cart
36:29 Heavy Plow
36:41 Bow Saw
37:07 Gold Shaft Mining
40:09 Town Watch
49:05 Imperial Age
AiM | Fubuki Sinri
10:15 Loom
12:04 Feudal Age
17:08 Castle Age
15:13 Double-Bit Axe
19:01 Fletching
22:54 Horse Collar
28:27 Wheelbarrow
28:37 Bodkin Arrow
31:42 Town Watch
31:55 Elite Skirmisher
35:20 Imperial Age
36:19 Ballistics
35:29 Crossbowman
36:12 Bracer
36:13 Padded Archer Armor
37:15 Chemistry
35:59 Imperial Skirmisher
38:35 Leather Archer Armor
44:03 Ring Archer Armor
45:43 Treadmill Crane
47:22 Heavy Plow
47:33 Bow Saw
47:19 Gold Mining
Connection lost

Rejoining the realm…

Still unreachable

The connection could not be restored.

Session expired

The server has moved on; the page needs a fresh start.